 Dungeon Crawl Stone Soup version 0.28.0-53-g5a82cb258f (webtiles) character file.

Game seed: 13214366548557576667

272 Descartes the Grasshopper (level 6, 0/44 HPs)
             Began as a Formicid Warper on June 5, 2022.
             Slain by an orc
             ... wielding a +0 dagger
              (1 damage)
             ... on level 3 of the Dungeon.
             The game lasted 00:06:38 (3557 turns).

Descartes the Grasshopper (Formicid Warper)         Turns: 3557, Time: 00:06:38

Health: 0/44       AC:  9    Str: 18    XL:     6   Next: 48%
Magic:  9/9        EV:  7    Int: 12    God:
Gold:   73         SH:  4    Dex: 10    Spells: 9/9 levels left

rFire   . . .      SeeInvis +   a - +1 dagger (venom)
rCold   . . .      Faith    .   i - +0 buckler
rNeg    . . .      Spirit   .   m - +0 chain mail
rPois   .          Reflect  .   (helmet unavailable)
rElec   .          Harm     .   (no cloak)
rCorr   .          Rampage  .   (no gloves)
Will    .....                   (no boots)
Stlth   ..........              (no amulet)
HPRegen 0.14/turn               (no ring)
MPRegen 0.11/turn               (no ring)

@: no status effects
A: permanent stasis, dig shafts and tunnels, antennae 3, four strong arms
a: Dig, Shaft Self


You were on level 3 of the Dungeon.
You visited 1 branch of the dungeon, and saw 3 of its levels.
You also visited: Sewer.

You collected 73 gold pieces.

Inventory:

Hand Weapons
 a - a +1 dagger of venom (weapon)
 b - a +0 hand crossbow
 g - a +0 spear
Missiles
 c - 5 boomerangs of dispersal (quivered)
 l - 5 boomerangs
 p - 36 arrows
 s - 15 stones
 t - 23 bolts
 u - 17 poisoned darts
Armour
 i - a +0 buckler (worn)
 m - a +0 chain mail (worn)
 n - a +0 leather armour
Scrolls
 d - 2 scrolls of identify
 e - a scroll of teleportation {unknown}
 j - a scroll of enchant armour {unknown}
 k - a scroll of enchant weapon {unknown}
 o - a scroll of noise {unknown}
 q - a scroll of amnesia {unknown}
 w - a scroll of fear {unknown}
 y - a scroll of fog {unknown}
 A - a scroll of acquirement {unknown}
Potions
 f - 2 potions of degeneration {unknown}
 h - 4 potions of curing
 r - a potion of invisibility {unknown}
 v - a potion of resistance {unknown}
 x - a potion of mutation {unknown}
 z - a potion of attraction {unknown}
 B - a potion of cancellation {unknown}


   Skills:
 - Level 2.1 Fighting
 + Level 2.6 Short Blades
 - Level 2.0 Polearms
 - Level 1.0 Throwing
 + Level 3.3 Armour
 - Level 1.7 Dodging
 + Level 3.3 Shields
 - Level 2.1 Spellcasting
 + Level 3.8 Translocations


You had 9 spell levels left.
You didn't know any spells.
Your spell library contained the following spells:

 Spells                   Type           Power      Damage    Failure   Level
 Gell's Gravitas          Tloc           10%        N/A       95%         3
 Lesser Beckoning         Tloc           10%        N/A       95%         3
 Teleport Other           Tloc           10%        N/A       95%         3
 Manifold Assault         Tloc           10%        N/A       100%        5
 Blink                    Tloc           Unusable   N/A       N/A         2

Dungeon Overview and Level Annotations

Branches:
Dungeon (3/15)              Sewer (visited)

Altars:

Annotations:
D:3 1 transporter


Innate Abilities, Weirdness & Mutations

You cannot be hasted, slowed, berserked, paralysed or teleported.
You can dig through walls and to a lower floor.
You have a pair of large antennae on your head. (SInv)
Your four strong arms can wield two-handed weapons with a shield.


Message History

The adder bites you.
* * * LOW HITPOINT WARNING * * *
You are poisoned.
The adder poisons you! The orc barely misses you.
You hit the orc priest but do no damage.
The orc priest is poisoned.
The orc priest is moderately wounded.
You feel sick.
The orc priest hits you with a +0 falchion.
* * * LOW HITPOINT WARNING * * *
The orc hits you but does no damage. You block the adder's attack.
The orc hits you but does no damage.
You closely miss the adder.
The adder is severely wounded.
You feel sick.
You kill the adder!
You block the orc's attack.
The orc priest hits you with a +0 falchion.
* * * LOW HITPOINT WARNING * * *
The orc hits you but does no damage.
The giant cockroach bites you but does no damage.
Unknown command.
It was a potion of curing.
You feel better. The orc closely misses you.
The orc priest hits you with a +0 falchion.
* * * LOW HITPOINT WARNING * * *
The orc barely misses you.
The giant cockroach bites you but does no damage.
You hit the orc priest.
The orc priest is heavily wounded.
The orc hits you but does no damage. You block the orc priest's attack.
The giant cockroach barely misses you. The orc barely misses you.
Unknown command.
You completely miss the orc priest.
The orc priest is heavily wounded.
The orc hits you with a +0 short sword.
* * * LOW HITPOINT WARNING * * *
The orc priest barely misses you.
The giant cockroach bites you but does no damage.
The orc hits you with a +0 dagger.
You die...

##......## #.. ##...#..##
**#.. #...[...# *****....
#....#..#**,,,,...#
#..#.#..#*,,*,,****
#.##.#...,,,,,**
######.##.###.#,,,**
*#.......#.<,,..{,,*
*#......o@##***..#*,* *
*.......oBo#*,,,,**,******
*........ro#*,,,,,,,,,**,,
*...............#**,,,,,,,
*...........###..*,,****,©
*.............**,,,**,,***
*,.........##.#**,,*,,,,,,
*,........##*..#*,**,**,,,
*,........#***...,*,,,,,*,


You could see an orc priest (very poisoned), 3 orcs, a giant cockroach and a
rat.

Vanquished Creatures
  2 kobold brigands (Sewer)
  5 adders
  A river rat (Sewer)
  4 worms
  2 dart slugs (D:2)
  6 endoplasms
  A giant cockroach (D:2)
  5 goblins
  6 hobgoblins
  6 kobolds
  4 quokkas
  9 ball pythons
  3 bats
  4 frilled lizards
  7 rats
65 creatures vanquished.

Notes
Turn   | Place    | Note
-------+----------+-------------------------------------------
     0 | D:1      | Descartes the Formicid Warper began the quest for the Orb.
     0 | D:1      | Reached XP level 1. HP: 16/16 MP: 3/3
   628 | D:1      | Found a faded altar of an unknown god.
   671 | D:1      | Reached XP level 2. HP: 22/22 MP: 5/5
  1143 | D:2      | Reached skill level 1 in Shields
  1292 | D:2      | Reached XP level 3. HP: 22/27 MP: 6/6
  1453 | D:2      | Reached skill level 1 in Short Blades
  2083 | D:3      | Reached XP level 4. HP: 33/33 MP: 7/7
  2091 | D:3      | Found a transporter.
  2166 | D:3      | Found a glowing drain.
  2190 | Sewer    | Entered a sewer
  2192 | Sewer    | Noticed a kobold brigand
  2217 | Sewer    | Killed a kobold brigand
  2218 | Sewer    | Reached XP level 5. HP: 13/38 MP: 8/8
  2831 | Sewer    | Noticed a kobold brigand
  2844 | Sewer    | Killed a kobold brigand
  2845 | Sewer    | Reached XP level 6. HP: 15/44 MP: 9/9
  3554 | D:3      | HP: 1/44 [orc priest/+0 falchion (6)]
  3557 | D:3      | Slain by an orc

Illustrated notes

Levels and vault maps discovered:
D:1:      nicolae_arrival_memento_mori, layout_loops_corners,
          shapermc_ecumenical_altar_mp_vishouse
D:2:      layout_basic
D:3:      layout_rooms, cheibrodos_sewer_entry_drain, gammafunk_ghost_stat_death

Skill      XL: |  1  2  3  4  5 |
---------------+----------------+-----
Shields        | 1 2 3 |  3.3
Translocations | 3 |  3.8
Short Blades   | 1 2 |  2.6
Armour         | 2 3 |  3.3
Fighting       | |  2.1
Polearms       | |  2.0
Throwing       | |  1.0
Dodging        | |  1.7
Spellcasting   | |  2.1

Action                   |  1- 3 |  4- 6 || total
-------------------------+-------+-------++-------
Melee: Dagger            |    96 |   187 ||   283
       Spear             |     1 |       ||     1
  Use: Scroll            |       |     2 ||     2
       Potion            |       |     1 ||     1
Armor: Chain mail        |    34 |    71 ||   105
       Leather armour    |     5 |       ||     5
Dodge: Dodged            |    24 |    50 ||    74
Block: Buckler           |    13 |    29 ||    42
